 Dungeon Crawl Stone Soup version 0.25.1-2-g60ff931df9 (webtiles) character file.

Game seed: 12794734209514673852

84 Peloso the Covered (level 4, -5/40 HPs)
             Began as a Minotaur Fighter on Aug 19, 2020.
             Slain by an orc warrior
             ... wielding a +0 scimitar
              (13 damage)
             ... on level 3 of the Dungeon.
             The game lasted 00:03:46 (1915 turns).

Peloso the Covered (Minotaur Fighter)               Turns: 1915, Time: 00:03:47

Health: -5/40      AC:  7    Str: 20    XL:     4   Next: 23%
Magic:  3/3        EV:  8    Int:  5    God:
Gold:   86         SH:  9    Dex: 11    Spells: 3/3 levels left

rFire    . . .     SeeInvis .   a - +0 long sword
rCold    . . .     Gourm    .   c - +0 kite shield
rNeg     . . .     Faith    .   b - +0 scale mail
rPois    .         Spirit   .   (helmet restricted)
rElec    .         Reflect  .   (no cloak)
rCorr    .         Harm     .   (no gloves)
MR       .....                  (no boots)
Stlth    ..........             (no amulet)
HPRegen  0.13/turn              (no ring)
MPRegen  0.08/turn              (no ring)

@: no status effects
A: retaliatory headbutt, horns 2
a: no special abilities


You were on level 3 of the Dungeon.
You were hungry.

You visited 1 branch of the dungeon, and saw 3 of its levels.

You collected 86 gold pieces.

Inventory:

Hand Weapons
 a - a +0 long sword (weapon)
Armour
 b - a +0 scale mail (worn)
 c - a +0 kite shield (worn)
Wands
 k - a wand of clouds (5)
Scrolls
 e - 2 scrolls of identify
 h - 4 scrolls of teleportation
 i - a scroll of remove curse {unknown}
 j - a scroll of amnesia {unknown}
Potions
 d - 2 potions of might
 l - a potion of heal wounds {unknown}
Comestibles
 f - 2 rations
 g - 7 chunks of flesh


   Skills:
 + Level 4.1 Fighting
 + Level 3.2 Long Blades
 + Level 4.7 Armour
 + Level 1.0 Dodging
 + Level 4.2 Shields


You had 3 spell levels left.
You didn't know any spells.
Your spell library contained the following spells:

 Spells                   Type           Power        Failure   Level  Hunger
 Magic Dart               Conj           #...         99%         1    ##.....
 Blink                    Tloc           N/A          100%        2    ###....
 Call Imp                 Summ           #.......     100%        2    ###....
 Slow                     Hex            #.......     100%        2    ###....
 Conjure Flame            Conj/Fire      #.......     100%        3    ####...
 Mephitic Cloud           Conj/Pois/Air  #.......     100%        3    ####...


Dungeon Overview and Level Annotations

Branches:
Dungeon (3/15)

Altars:


Innate Abilities, Weirdness & Mutations

You reflexively headbutt those who attack you in melee.
You have a pair of horns on your head.


Message History

You hit the orc warrior. You headbutt the orc warrior.
The orc warrior is severely wounded.
The orc warrior hits you with a +0 scimitar.
Unknown command.
Your scale mail prevents you from hitting the orc warrior.
You headbutt the orc warrior.
The orc warrior is severely wounded.
Unknown command.
You are feeling hungry.
The orc warrior seems less confused.
The orc warrior hits you with a +0 scimitar!
You hit the orc warrior but do no damage.
The orc warrior is severely wounded.
The orc warrior hits you with a +0 scimitar.
* * * LOW HITPOINT WARNING * * *
Unknown command.
You closely miss the orc warrior.
The orc warrior is severely wounded.
The orc warrior hits you with a +0 scimitar!
You die...

#.....÷.# #.
......###.# # ..
###.#.###÷# .. ##
.........#####..#.
#####.####)..°°o...
##.#.......#...o
##..........# .
............#
##.....@....#
####...o...#
#.......# #.......#
#########


You could see an orc warrior and an orc.

Vanquished Creatures
  2 adders
  A worm (D:2)
  3 leopard geckos
  2 orcs (D:3)
  3 giant cockroaches
  7 goblins
  6 hobgoblins
  3 jackals (D:1)
  8 bats
  2 frilled lizards
  9 kobolds
  9 rats
55 creatures vanquished.

Notes
Turn   | Place    | Note
-------+----------+-------------------------------------------
     0 | D:1      | Peloso the Minotaur Fighter began the quest for the Orb.
     0 | D:1      | Reached XP level 1. HP: 19/19 MP: 0/0
   244 | D:1      | Reached XP level 2. HP: 27/27 MP: 1/1
   915 | D:2      | Reached XP level 3. HP: 18/33 MP: 2/2
  1322 | D:2      | Reached skill level 1 in Dodging
  1775 | D:3      | Reached XP level 4. HP: 37/40 MP: 3/3
  1892 | D:3      | Noticed an orc warrior
  1915 | D:3      | Slain by an orc warrior

Illustrated notes

Levels and vault maps discovered:
D:1:      dpeg_arrival_windows_large_door, layout_basic
D:2:      layout_rooms
D:3:      layout_loops_cross, kennysheep_generic_room_13

Skill      XL: |  1  2  3 |
---------------+----------+-----
Fighting       | 4 |  4.1
Armour         | 4 |  4.7
Shields        | 4 |  4.2
Long Blades    | 3 |  3.2
Dodging        | 1 |  1.0

Action                   |  1- 3 |  4- 6 || total
-------------------------+-------+-------++-------
Melee: Long sword        |   125 |    30 ||   155
       Headbutt          |    12 |     4 ||    16
Evoke: Wand              |       |     1 ||     1
  Use: Potion            |     2 |       ||     2
       Scroll            |     1 |       ||     1
  Eat: Chunk             |     3 |       ||     3
Armor: Scale mail        |    67 |     7 ||    74
Dodge: Dodged            |    44 |     8 ||    52
Block: Kite shield       |   104 |    13 ||   117
       Rpst.: Long sword |    12 |     2 ||    14
